Map: Eternal Empire LE

Players

soul

  • Race: Terran Terran
  • League: Master
  • Spawn Location: 1:00

ShoWTimE - Winner!

  • Race: Protoss Protoss
  • Spawn Location: 7:00

Event: StayAtHomestory Cup #2

VOD

Have the link to the VOD?

Description

Time

  • Played on: June 11, 2020, 3:44 p.m.
  • Length: 11:14

All games in this series

Show
View Real Time Build Order
Export as new Build Order

soul Terran 

Build Orders:  

Get SALT Encoding   

  12  0:00  SCV  
  13  0:12  SCV  
  14  0:17  Supply Depot  
  14  0:25  SCV  
  15  0:38  SCV  
  15  0:40  Barracks  
  16  0:44  Refinery  
  16  0:50  SCV  
  17  1:03  SCV  
  18  1:15  SCV  
  19  1:27  Orbital Command, Marine  
  20  1:43  Command Center  
  20  1:53  Factory  
  20  1:56  SCV  
  21  2:03  Supply Depot  
  21  2:05  Barracks Reactor  
  21  2:09  SCV  
  21  2:12  Refinery  
  22  2:21  SCV  
  23  2:33  SCV  
  24  2:39  Starport  
  24  2:41  Marine x2  
  24  2:44  Widow Mine  
  28  2:46  SCV  
  29  2:56  Orbital Command  
  29  2:58  Marine  
  29  2:59  Marine  
  29  3:05  Widow Mine  
  32  3:13  SCV  
  32  3:16  Marine  
  32  3:17  Medivac  
  36  3:22  SCV  
  36  3:24  Supply Depot  
  36  3:25  SCV, Marine  
  39  3:29  Factory Tech Lab  
  39  3:31  Supply Depot  
  39  3:34  SCV  
  40  3:38  SCV  
  40  3:39  Marine  
  42  3:46  SCV, Viking  
  45  3:52  SCV  
  45  3:53  Siege Tank  
  49  3:58  SCV, Marine  
  49  3:59  Marine  
  52  4:03  Bunker  
  52  4:04  SCV  
  52  4:09  Supply Depot  
  53  4:10  SCV  
  53  4:16  SCV  
  55  4:22  SCV  
  55  4:31  Command Center  
  55  4:32  SCV  
  55  4:35  Marine x2, Siege Tank  
  61  4:39  SCV  
  60  4:48  Starport Tech Lab  
  60  4:52  SCV x2  
  58  4:54  Barracks  
  58  4:55  Barracks  
  58  5:04  SCV x2, Engineering Bay x2  
  60  5:08  Refinery  
  60  5:10  Raven, Refinery  
  62  5:14  Marine  
  62  5:16  SCV, Marine  
  62  5:17  SCV  
  66  5:28  SCV, Factory Reactor  
  67  5:29  SCV  
  67  5:31  Terran Infantry Weapons Level 1  
  67  5:33  Marine  
  67  5:37  Terran Infantry Armor Level 1  
  67  5:42  SCV, Barracks  
  68  5:43  Supply Depot, Barracks  
  68  5:46  Orbital Command  
  68  5:48  SCV  
  69  5:52  Stimpack  
  69  5:53  Marauder  
  69  5:54  SCV  
  69  5:55  Marine  
  73  6:00  SCV, Marauder  
  76  6:05  Supply Depot, Starport Reactor  
  76  6:06  Marine  
  76  6:09  Missile Turret  
  76  6:10  Combat Shield  
  77  6:14  SCV x2, Marauder, Marine  
  82  6:20  Orbital Command  
  82  6:24  Marauder, Marine  
  85  6:26  SCV x2  
  85  6:31  Barracks Reactor, Barracks Tech Lab  
  87  6:34  Armory, Supply Depot  
  87  6:39  SCV  
  88  6:40  Marine  
  88  6:41  Marauder  
  88  6:44  Widow Mine x2  
  88  6:45  Medivac  
  88  6:46  Supply Depot  
  97  6:49  Medivac  
  97  6:51  SCV x2  
  101  6:56  SCV, Marauder, Marine  
  101  7:01  Marauder  
  107  7:05  Supply Depot, Widow Mine  
  107  7:06  Supply Depot  
  111  7:08  SCV x2, Supply Depot, Widow Mine  
  111  7:12  SCV  
  114  7:16  Refinery x2  
  114  7:20  SCV  
  114  7:21  SCV  
  116  7:24  SCV  
  116  7:26  Medivac x2  
  116  7:27  Widow Mine  
  116  7:28  Supply Depot  
  123  7:30  Supply Depot  
  123  7:31  Supply Depot  
  123  7:33  SCV  
  123  7:35  Terran Infantry Weapons Level 2  
  124  7:42  SCV x2  
  124  7:43  Marine  
  127  7:44  Marauder  
  127  7:45  SCV, Marine  
  127  7:47  Command Center, Widow Mine  
  127  7:49  Marine  
  134  7:54  SCV  
  134  7:56  Marine  
  134  7:57  Marauder  
  138  8:00  SCV  
  138  8:01  Terran Infantry Armor Level 2  
  139  8:06  Marauder, Marine  
  139  8:08  Marauder, Marine  
  139  8:10  Marine  
  146  8:14  Marine  
  146  8:15  Viking, Medivac  
  146  8:18  Marauder  
  153  8:21  Terran Ship Weapons Level 1  
  153  8:22  Ghost Academy  
  153  8:24  Marine  
  153  8:25  Supply Depot x2  
  153  8:26  Supply Depot, Marine  
  155  8:28  Marauder  
  155  8:31  Marauder  
  153  8:37  Marine  
  153  8:39  Marauder  
  156  8:42  Marine  
  156  8:45  Marine  
  155  8:49  Marauder  
  155  8:50  Medivac x2, Marine  
  155  8:52  Marauder  
  162  8:56  SCV x2  
  162  8:57  SCV, Marine  
  162  9:00  Marine  
  162  9:01  Marauder  
  167  9:03  Planetary Fortress  
  167  9:06  Missile Turret  
  167  9:07  Unknown  
  167  9:08  Widow Mine x2, Marine  
  170  9:11  Marauder  
  170  9:14  Marauder  
  172  9:20  Enhanced Shockwaves, Medivac x2  
  172  9:21  Marine  
  172  9:22  Marauder  
  176  9:24  Bunker  
  176  9:26  SCV x3  
  176  9:29  Marine  
  178  9:32  Marauder  
  178  9:35  Marauder  
  178  9:37  Fusion Core  
  182  9:40  Starport  
  182  9:42  Marine x2  
  182  9:43  Marine  
  182  9:44  Marauder  
  187  9:47  Marine  
  188  9:53  Marauder  
  189  10:01  Concussive Shells  
  189  10:05  Liberator x2  
  195  10:10  Barracks  
  195  10:11  Barracks  
  195  10:12  Command Center, Barracks  
  195  10:15  Missile Turret  
  195  10:16  Missile Turret x2, Sensor Tower  
  195  10:17  Missile Turret  
  195  10:20  Sensor Tower  
  194  10:27  Liberator  
  194  10:28  Liberator  
  195  10:29  Ghost x2  
  188  10:36  Ghost  
  188  10:42  Marine x4  
Show
View Real Time Build Order
Export as new Build Order

ShoWTimE Protoss - Winner!

Build Orders: 1 Gate Expand, Blink Stalkers 

Get SALT Encoding   

  12  0:00  Probe  
  13  0:12  Probe  
  14  0:17  Pylon  
  14  0:23  Probe  
  15  0:32  Probe  
  15  0:36  Gateway  
  15  0:40  Probe  
  16  0:46  Assimilator  
  17  0:51  Probe  
  18  1:03  Probe  
  19  1:15  Probe  
  20  1:24  Cybernetics Core  
  20  1:32  Nexus  
  20  1:36  Probe  
  21  1:43  Pylon  
  21  1:48  Probe  
  21  1:51  Adept, Assimilator  
  21  2:00  Probe  
  22  2:05  Warp Gate  
  24  2:12  Probe, Stalker  
  27  2:24  Probe  
  27  2:29  Twilight Council  
  28  2:36  Probe  
  29  2:41  Probe, Stalker  
  31  2:48  Probe  
  31  2:49  Probe  
  31  2:50  Blink  
  34  3:00  Probe x2  
  36  3:06  Gateway  
  37  3:12  Probe  
  37  3:15  Probe  
  38  3:24  Probe  
  38  3:25  Robotics Facility  
  39  3:27  Probe  
  40  3:37  Probe  
  40  3:39  Probe  
  42  3:41  Pylon  
  42  3:49  Probe  
  42  3:52  Probe  
  42  3:55  Sentry  
  46  3:56  Nexus  
  46  4:01  Probe  
  47  4:03  Stalker  
  47  4:05  Probe  
  47  4:09  Pylon  
  50  4:13  Probe  
  50  4:14  Observer  
  52  4:17  Probe  
  52  4:21  Pylon  
  52  4:22  Phoenix  
  53  4:25  Probe  
  53  4:27  Stalker x2  
  53  4:29  Probe  
  59  4:37  Probe  
  59  4:41  Probe  
  58  4:49  Probe  
  58  4:50  Stalker x2  
  63  4:53  Probe  
  63  4:54  Assimilator  
  64  5:01  Probe  
  64  5:05  Probe  
  66  5:07  Gateway  
  66  5:08  Gateway  
  66  5:09  Probe  
  66  5:13  Probe  
  68  5:15  Forge  
  68  5:18  Probe, Charge  
  68  5:20  Probe  
  69  5:23  Probe  
  69  5:26  Probe  
  71  5:29  Probe  
  71  5:31  Probe  
  71  5:33  Assimilator  
  71  5:34  Probe, Pylon  
  73  5:37  Probe, Assimilator  
  73  5:40  Probe  
  73  5:41  Forge  
  76  5:44  Probe, Protoss Ground Weapons Level 1  
  76  5:46  Pylon  
  76  5:47  Probe  
  79  5:51  Probe, Observer  
  79  5:55  Probe  
  81  5:57  Gateway  
  81  5:58  Assimilator  
  81  5:59  Probe  
  81  6:00  Probe  
  84  6:09  Probe  
  84  6:11  Gateway  
  84  6:12  Observer  
  84  6:13  Templar Archives, Protoss Ground Armor Level 1  
  84  6:17  Zealot x3  
  84  6:18  Zealot  
  94  6:25  Gateway  
  94  6:34  Pylon  
  94  6:35  Gateway  
  94  6:38  Pylon  
  94  6:42  Shield Battery  
  94  6:43  Photon Cannon  
  94  6:44  Pylon  
  94  6:46  Immortal, Photon Cannon  
  94  6:47  Sentry x2, Photon Cannon, Psionic Storm  
  94  6:49  Phoenix  
  102  7:06  Photon Cannon, High Templar x2  
  102  7:07  Pylon  
  106  7:16  High Templar  
  106  7:20  Pylon  
  108  7:23  Probe  
  108  7:24  Warp Prism  
  108  7:25  Protoss Ground Weapons Level 2, High Templar  
  113  7:30  Pylon  
  113  7:38  Nexus  
  113  7:41  Stalker x2, Pylon  
  113  7:42  Zealot x3  
  123  7:46  Probe x3  
  123  7:49  Pylon  
  126  7:52  Immortal  
  127  7:58  Probe x2  
  127  7:59  Probe  
  127  8:02  Protoss Ground Armor Level 2  
  127  8:03  Observer  
  133  8:11  Zealot x4, High Templar x2  
  133  8:12  Zealot  
  147  8:17  Probe x2  
  147  8:18  Pylon  
  147  8:19  Archon  
  149  8:31  Observer  
  149  8:34  Zealot x6  
  159  8:47  Observer  
  148  8:57  Stalker x3, Observer  
  148  8:59  Probe  
  148  9:00  Zealot x5  
  165  9:04  Probe  
  166  9:10  Probe  
  166  9:11  Gateway  
  166  9:13  Gateway  
  166  9:16  Pylon  
  165  9:20  High Templar  
  165  9:23  Photon Cannon  
  165  9:25  High Templar x3  
  165  9:29  Pylon  
  165  9:30  Robotics Bay  
  171  9:31  Robotics Facility  
  171  9:35  Archon  
  171  9:36  Probe  
  171  9:38  Pylon  
  172  9:40  High Templar  
  172  9:41  Zealot x3  
  180  9:45  Pylon  
  180  9:49  Archon  
  180  9:53  Gateway x2  
  180  9:55  Assimilator  
  180  10:00  Assimilator  
  180  10:02  Zealot x2  
  180  10:03  Zealot x3  
  180  10:04  Probe  
  185  10:10  Nexus  
  185  10:13  Pylon  
  185  10:15  Pylon  
  179  10:41  Zealot x7  
  179  10:42  Zealot  
  170  11:14  Zealot x5  
Tags
 
Add a new tag
Caveats
  • Supply blocks, unpowered buildings, or Contaminate may cause inaccurate times.
  • Supply counts are checked every 10 seconds.